 Dungeon Crawl Stone Soup version 0.32-a0-913-g739538afd8 (webtiles) character file.

Game seed: 3367683961501244114

71 Shayle the Apothecary (level 4, -1/32 HPs)
             Began as a Coglin Alchemist on Apr 8, 2024.
             Slain by an orc
             ... wielding a +0 morningstar
              (12 damage)
             ... on level 3 of the Dungeon.
             The game lasted 00:06:33 (1067 turns).

Shayle the Apothecary (Coglin Alchemist)            Turns: 1067, Time: 00:06:33

Health: -1/32      AC:  2    Str: 10    XL:     4   Next: 24%
Magic:  0/7        EV: 11    Int: 15    God:
Gold:   42         SH:  0    Dex: 14    Spells: 3/7 levels left

rFire   . . .        f - +0 short sword {Lisbeth}
rCold   . . .        (no shield)
rNeg    . . .        a - +0 robe
rPois   .            (no helmet)
rElec   .            (no cloak)
rCorr   .            (no gloves)
SInv    .            (no boots)
Will    .....        (amulet unavailable)
Stlth   ++           (ring unavailable)
HPRegen 0.25/turn    (ring unavailable)
MPRegen 0.10/turn    (no gizmo)

%: no passive effects
@: revving
A: off-hand wielding, slow wielding, warmup strikes, no jewellery
a: Invent Gizmo


You were on level 3 of the Dungeon.
You visited 1 branch of the dungeon, and saw 3 of its levels.

You collected 42 gold pieces.

Inventory:

Hand Weapons
 f - a +0 short sword (weapon) {Lisbeth}
Missiles
 k - 3 boomerangs
Armour
 a - a +0 robe (worn)
 i - a +0 helmet
Scrolls
 d - 5 scrolls of identify {unknown}
 g - a scroll of fear {unknown}
Potions
 c - a potion of curing {unknown}
 e - a potion of brilliance {unknown}
 h - a potion of might {unknown}
 j - a potion of lignification {unknown}


   Skills:
 + Level 1.3 Fighting
 + Level 2.3 Dodging
 - Level 1.5 Stealth
 + Level 2.2 Spellcasting
 + Level 1.7 Conjurations
 + Level 3.8 Alchemy


You had 3 spell levels left.
You knew the following spells:

 Your Spells              Type           Power      Damage    Failure   Level
a - Sting                 Conj/Alch      40%        1d5       7%          1
b - Mephitic Cloud        Conj/Alch/Air  7%         N/A       30%         3

Your spell library contained the following spells:

 Spells                   Type           Power      Damage    Failure   Level
 Mercury Vapours          Alch/Air       14%        N/A       16%         2
 Olgreb's Toxic Radiance  Alch           13%        N/A       41%         4
 Sticky Flame             Fire/Alch      7%         2d4       69%         4


Dungeon Overview and Level Annotations

Branches:
Dungeon (3/15)

Altars:
Yredelemnul


Innate Abilities, Weirdness & Mutations

You can wield a second weapon in your off-hand.
It takes a long time for you to wield or remove held weapons.
Your first few attacks do less damage.
You cannot equip rings or amulets.


Message History

Casting: Sting (safe; 7% risk of failure)
Confirm with . or Enter, or press ? or * to list all spells.
Aiming: Sting (safe; 7% risk of failure)
Press: ? - help, Shift-Dir - straight line, f/p - orc
Aim: an orc, wielding a +0 falchion and wearing a +0 leather armour (heavily wounded, poisoned, 68% to hit)
The sting misses the orc.
The orc barely misses you.
Unknown command.
You closely miss the orc.
The orc is heavily wounded.
The orc hits you with a +0 falchion.
You barely miss the orc.
The orc is almost dead.
The orc hits you with a +0 falchion!
You hit the orc.
You kill the orc!
Casting: Sting (safe; 7% risk of failure)
Confirm with . or Enter, or press ? or * to list all spells.
Aiming: Sting (safe; 7% risk of failure)
Press: ? - help, Shift-Dir - straight line, f - giant cockroach
Aim: a giant cockroach (68% to hit)
The sting hits the giant cockroach but does no damage.
The giant cockroach is poisoned.
The giant cockroach barely misses you.
Casting: Sting (safe; 7% risk of failure)
Confirm with . or Enter, or press ? or * to list all spells.
Aiming: Sting (safe; 7% risk of failure)
Press: ? - help, Shift-Dir - straight line, f/p - giant cockroach
Aim: a giant cockroach (lightly wounded, poisoned, 68% to hit)
The sting hits the giant cockroach.
The giant cockroach looks even sicker.
The giant cockroach is heavily wounded.
The giant cockroach barely misses you.
You hit the giant cockroach but do no damage.
The giant cockroach is severely wounded.
You kill the giant cockroach!
Casting: Sting (safe; 7% risk of failure)
Confirm with . or Enter, or press ? or * to list all spells.
Aiming: Sting (safe; 7% risk of failure)
Press: ? - help, Shift-Dir - straight line, f - orc
Aim: an orc, wielding a +0 morningstar (71% to hit)
The sting misses the orc.
The orc hits you with a +0 morningstar!
You die...

#.# .
###.#
...#
...#
..#
.#.
..#
[...
#)#
..#
#o#
..#
#@#
..#
#.#
..#
#.#
..#
#.#
..#
#.#
..#
#.#
#.#
#.#
#.#
#.#
#.#
#.#


You could see an orc.

Vanquished Creatures
  An orc wizard (D:3)
  Robin (D:2)
  A dart slug (D:1)
  3 orcs (D:3)
  5 bats (D:1)
  4 endoplasms (D:1)
  A giant cockroach (D:3)
  5 goblins
  2 hobgoblins
  A jackal (D:2)
  3 ball pythons (D:1)
  2 kobolds
  A rat (D:1)
30 creatures vanquished.

Notes
Turn   | Place    | Note
-------+----------+-------------------------------------------
     0 | D:1      | Shayle the Coglin Alchemist began the quest for the Orb.
     0 | D:1      | Reached XP level 1. HP: 13/13 MP: 3/3
   107 | D:1      | Reached skill level 1 in Conjurations
   226 | D:1      | Reached XP level 2. HP: 19/20 MP: 0/4
   725 | D:2      | Reached XP level 3. HP: 22/25 MP: 1/6
   787 | D:2      | Reached skill level 1 in Fighting
   800 | D:2      | Noticed Robin
   804 | D:2      | Killed Robin
   831 | D:3      | Found a basalt altar of Yredelemnul.
   940 | D:3      | Learned a level 3 spell: Mephitic Cloud
  1059 | D:3      | Reached XP level 4. HP: 24/32 MP: 4/7
  1067 | D:3      | Slain by an orc

Illustrated notes

Levels and vault maps discovered:
D:1:      enne_arrival_octagon_isle, layout_rooms, serial_corexii_hall,
          corexii_hall_statues_i, chequers_hall_statues_y,
          corexii_hall_statues_i, chequers_hall_statues_y,
          corexii_hall_statues_x, chequers_hall_statues_y
D:2:      layout_loops_cross, minmay_surrounded, uniq_terence, uniq_robin
D:3:      layout_basic, mainiacjoe_overflow_cross_hatched

Skill      XL: |  1  2  3 |
---------------+----------+-----
Conjurations   | 1 |  1.7
Dodging        | 2 |  2.3
Spellcasting   | 2 |  2.2
Fighting       | 1 |  1.3
Stealth        | |  1.5
Alchemy        | |  3.8

Action                     |  1- 3 |  4- 6 || total
---------------------------+-------+-------++-------
  Melee: Unarmed           |    13 |       ||    13
         Short sword       |    17 |     4 ||    21
   Cast: Sting             |    43 |     5 ||    48
         Mephitic Cloud    |     1 |       ||     1
    Use: Potion            |     1 |       ||     1
   Stab: Sleeping          |     1 |       ||     1
         Confused          |     1 |       ||     1
 Armour: Robe              |    32 |     4 ||    36
  Dodge: Dodged            |    30 |     3 ||    33

Table legend: (Time is in decaauts)
 A = Elapsed time spent in this place.
 B = Non-inter-level travel time spent in this place.
 C = Inter-level travel time spent in this place.
 D = Time resting spent in this place.
 E = Time spent auto-exploring this place.
 F = Levels seen in this place.
 G = Mean time per level.
                   A        B        C        D        E       F      G
               +--------+--------+--------+--------+--------+-----+--------+
         Total |   1066 |   1055 |     11 |    207 |    555 |   3 |  355.3 |
       Dungeon |   1066 |   1055 |     11 |    207 |    555 |   3 |  355.3 |
               +--------+--------+--------+--------+--------+-----+--------+

Top non-repeatable levels by time:
     D:1: 636 daAuts
     D:3: 235 daAuts
     D:2: 194 daAuts
